 Dungeon Crawl Stone Soup version 0.19.0 (webtiles) character file.

12210 PrincessPwny the Grappler (level 11, -5/115 HPs)
             Began as a Troll Berserker on Nov 7, 2016.
             Was a High Priest of Trog.
             Slain by a skeletal warrior
             ... wielding a +0 dire flail
             ... led by a skeletal warrior
              (22 damage)
             ... on level 12 of the Dungeon.
             The game lasted 00:46:58 (9399 turns).

PrincessPwny the Grappler (Troll Berserker)         Turns: 9399, Time: 00:46:59

Health: -5/115     AC:  8    Str: 30    XL:     11   Next: 59%
Magic:  10/10      EV: 13    Int:  3    God:    Trog [*****.]
Gold:   770        SH:  0    Dex:  9    Spells: 0 memorised, 10 levels left

rFire  . . .     SeeInvis .       - Unarmed
rCold  . . .     Gourm    +     a - +1 animal skin
rNeg   . . .     Faith    .     (no shield)
rPois  .         Spirit   .     (helmet restricted)
rElec  .         Reflect  .     y - +1 cloak
rCorr  +         Harm     .     (gloves unavailable)
MR     .....                    (boots unavailable)
Stlth  ++........               (no amulet)
                                u - ring of stealth
                                v - ring of resist corrosion

@: exhausted, about to teleport, slowed, drained, very slow
A: unfitting armour, claws 3, fast metabolism 3, gourmand, regeneration 1,
shaggy fur 1, tough skin 2
a: Berserk, Trog's Hand, Brothers in Arms, Burn Spellbooks, Renounce Religion


You were on level 12 of the Dungeon.
You worshipped Trog.
Trog was extremely pleased with you.
You were very full.

You visited 1 branch of the dungeon, and saw 12 of its levels.

You collected 770 gold pieces.

Inventory:

Armour
 a - a +1 animal skin (worn)
 y - a +1 cloak (worn)
Jewellery
 p - an uncursed ring of magical power
 u - a ring of stealth (right claw)
 v - a ring of resist corrosion (left claw)
Wands
 c - a wand of random effects (28/48)
 s - a wand of polymorph (7/24)
 C - a wand of acid (4/15)
 G - a wand of polymorph (19/24)
Scrolls
 e - 3 scrolls of teleportation
 f - a scroll of enchant weapon
 k - a scroll of remove curse
 n - 2 scrolls of fear
 w - a scroll of recharging
 H - a scroll of torment {unknown}
 I - 2 scrolls of blinking
Potions
 d - a potion of cure mutation
 g - 2 potions of agility
 h - 4 potions of heal wounds
 j - 4 potions of curing
 l - a potion of haste
 o - 2 potions of cancellation
 q - a potion of might {unknown}
 r - a potion of invisibility {unknown}
 t - 2 potions of berserk rage {unknown}
 x - 3 potions of mutation {unknown}
 A - 2 potions of brilliance {unknown}
 E - 2 potions of ambrosia
 F - 2 potions of flight
Comestibles
 b - 4 bread rations
 i - 2 meat rations
 m - 4 slices of pizza
 z - 3 beef jerkies
 B - 5 chunks of flesh
 D - 4 fruits


   Skills:
 + Level 9.1(8.5) Fighting
 + Level 9.0(8.4) Dodging
 - Level 12.1(11.5) Unarmed Combat


You had 10 spell levels left.
You didn't know any spells.

Dungeon Overview and Level Annotations

Branches:
Dungeon (12/15)            Temple (0/1) D:7            Lair (0/6) D:11
    Orc (0/2) D:10

Altars:
Cheibriados
Fedhas
Hepliaklqana
Kikubaaqudgha
Okawaru
Qazlal
Ru
Trog
Xom
Zin
The Shining One

Shops:
D:4 [}?*


Innate Abilities, Weirdness & Mutations

You are too large for most types of armour.
You have claws for hands.
Your metabolism is lightning-fast.
You like to eat raw meat.
Your natural rate of healing is unusually fast.
You are covered in fur. (AC +1)
You have very tough skin. (AC +2)


Message History

The skeletal warrior hits you with a dire flail!
You mangle the skeletal warrior!!
The skeletal warrior is heavily damaged.
You barely miss the skeletal warrior.
The skeletal warrior is heavily damaged.
The skeletal warrior hits you with a dire flail!
* * * LOW HITPOINT WARNING * * *
The skeletal warrior hits you with a scimitar!
* * * LOW HITPOINT WARNING * * *
The skeletal warrior hits you with a glaive!!
* * * LOW HITPOINT WARNING * * *
You feel a strong urge to attack something.
There is an open door here.
You are no longer berserk.
You are exhausted.
You feel yourself slow down.
As you read the scroll of teleportation, it crumbles to dust.
You feel strangely unstable.
The skeletal warrior hits you with a dire flail!!
You die...

#.....# #.....#
#.....# #+# #..z..#
#.# #z## #.# #)z# #.#
####'#### #.#
#...z...###########.#
#...@...'............
#.......###########.#
#.......# #.#
#......)# #.#
#.......# #.#
#.......# #.#
#.......# #.#
#.......# ##.# ####
##..#


You could see 4 skeletal warriors.

Vanquished Creatures
  The ghost of jimeh the Spry, a novice MfBe of Trog (D:8)
  Urug (D:11)
  A skeletal warrior (D:12)
  An ugly thing (D:11)
  A cyclops (D:11)
  Maurice (D:11)
  2 trolls
  2 two-headed ogres
  Prince Ribbit (D:6)
  2 hippogriffs
  Sigmund (D:5)
  2 wraiths
  Eustachio (D:4)
  3 hungry ghosts
  Edmund (D:6)
  A water moccasin (D:6)
  Duvessa (D:6)
  A swamp drake (D:10)
  6 orc warriors
  4 sky beasts
  8 ogres
  4 phantoms
  6 centaurs
  Blork the orc (D:6)
  A big kobold (D:8)
  A gnoll sergeant (D:7)
  3 bullfrogs
  2 scorpions
  Dowan (D:6)
  2 vampire bats (D:2)
  5 howler monkeys
  15 wights
  9 crimson imps
  2 centaur zombies
  3 jellies
  A bullfrog zombie (D:11)
  A gnoll shaman (D:8)
  6 orc priests
  5 hounds
  2 bullfrog skeletons
  5 centaur skeletons
  5 iguanas
  Jessica (D:2)
  14 orc wizards
  3 worker ants
  3 hound skeletons
  A howler monkey zombie (D:8)
  11 gnolls
  6 adders
  A shadow imp (D:10)
  An ooze (D:1)
  4 adder skeletons
  A worm (D:2)
  A dart slug (D:3)
  4 leopard geckos
  54 orcs
  7 bats
  2 bat skeletons (D:2)
  3 bat zombies (D:2)
  6 giant cockroaches
  7 goblins (D:1)
  9 hobgoblins
  20 jackals
  3 quokkas
  A ball python (D:1)
  3 frilled lizards
  A jackal skeleton (D:5)
  2 jackal zombies (D:7)
  9 kobolds
  A leopard gecko zombie (D:6)
  A quokka skeleton (D:5)
  A quokka zombie (D:5)
  4 rats
  2 fungi (D:11)
  A plant (D:2)
310 creatures vanquished.

Notes
Turn   | Place    | Note
-------+----------+-------------------------------------------
     0 | D:1      | PrincessPwny the Troll Berserker began the quest for the Orb.
     0 | D:1      | Reached XP level 1. HP: 22/22 MP: 0/0
    61 | D:1      | Reached XP level 2. HP: 26/29 MP: 1/1
   156 | D:1      | Reached skill level 4 in Unarmed Combat
   216 | D:1      | Reached XP level 3. HP: 36/36 MP: 2/2
   432 | D:2      | Reached ** piety under Trog
   543 | D:2      | Found an ancient bone altar of Kikubaaqudgha.
   546 | D:2      | Reached skill level 5 in Unarmed Combat
   546 | D:2      | Reached XP level 4. HP: 43/44 MP: 3/3
   703 | D:2      | Noticed Jessica
   712 | D:2      | Reached XP level 5. HP: 50/50 MP: 4/4
   734 | D:2      | Killed Jessica
   734 | D:2      | Reached skill level 6 in Unarmed Combat
  1113 | D:3      | Found a shimmering altar of Xom.
  1176 | D:3      | You fall through a shaft!
  1245 | D:4      | Reached XP level 6. HP: 49/59 MP: 5/5
  1451 | D:4      | Found Sudiag's Gadget Emporium.
  1452 | D:4      | Found Bedan's General Store.
  1452 | D:4      | Found Ras Dacu's Magic Scroll Emporium.
  1454 | D:4      | Found Adoidun's Antique Armour Emporium.
  1490 | D:4      | Reached *** piety under Trog
  1490 | D:4      | Reached skill level 7 in Unarmed Combat
  1797 | D:4      | Found a blossoming altar of Fedhas.
  1805 | D:4      | Noticed Eustachio
  1811 | D:4      | Killed Eustachio
  1811 | D:4      | Reached skill level 8 in Unarmed Combat
  1811 | D:4      | Reached XP level 7. HP: 66/66 MP: 6/6
  2376 | D:5      | Entered Level 5 of the Dungeon
  2376 | D:5      | Noticed Sigmund
  2383 | D:5      | Killed Sigmund
  2413 | D:5      | Found a stormy altar of Qazlal.
  2502 | D:5      | Reached skill level 9 in Unarmed Combat
  2586 | D:5      | Found a hazy altar of Hepliaklqana.
  2713 | D:5      | Found an ancient bone altar of Kikubaaqudgha.
  2862 | D:5      | Reached XP level 8. HP: 74/74 MP: 7/7
  2873 | D:5      | Found a stormy altar of Qazlal.
  2886 | D:5      | Reached skill level 10 in Unarmed Combat
  3168 | D:5      | You fall through a shaft!
  3286 | D:6      | Reached skill level 11 in Unarmed Combat
  3365 | D:6      | Found a bloodstained altar of Trog.
  3560 | D:6      | Noticed Duvessa
  3560 | D:6      | Noticed Dowan
  3560 | D:6      | Noticed Blork the orc
  3563 | D:6      | Killed Dowan
  3568 | D:6      | Killed Duvessa
  3568 | D:6      | Reached **** piety under Trog
  3571 | D:6      | Killed Blork the orc
  3671 | D:6      | Noticed Edmund
  3675 | D:6      | Killed Edmund
  3729 | D:6      | Noticed Prince Ribbit
  3745 | D:6      | Killed Prince Ribbit
  3745 | D:6      | Reached skill level 12 in Unarmed Combat
  3745 | D:6      | Reached XP level 9. HP: 80/80 MP: 8/8
  3773 | D:6      | Found a glowing silver altar of Zin.
  4158 | D:7      | Found a sacrificial altar of Ru.
  4505 | D:7      | Found a staircase to the Ecumenical Temple.
  4993 | D:8      | Noticed jimeh's ghost (novice MfBe)
  5021 | D:8      | Killed jimeh's ghost
  5021 | D:8      | Reached skill level 5 in Fighting
  5021 | D:8      | Reached skill level 5 in Dodging
  5021 | D:8      | Reached XP level 10. HP: 68/96 MP: 9/9
  5033 | D:8      | Reached ***** piety under Trog
  5431 | D:8      | Paralysed by an orc for 2 turns
  5440 | D:8      | Received a gift from Trog
  5478 | D:8      | Found an iron altar of Okawaru.
  6458 | D:9      | Found a snail-covered altar of Cheibriados.
  6733 | D:9      | Found a glowing golden altar of the Shining One.
  7133 | D:10     | Entered Level 10 of the Dungeon
  7662 | D:10     | Received a gift from Trog
  7732 | D:10     | Reached XP level 11. HP: 110/110 MP: 10/10
  7908 | D:10     | Found a staircase to the Orcish Mines.
  8420 | D:11     | Noticed a purple ugly thing
  8435 | D:11     | Killed a purple ugly thing
  8809 | D:11     | Found a staircase to the Lair.
  8837 | D:11     | Noticed Maurice
  8848 | D:11     | Noticed Urug
  8852 | D:11     | Killed Maurice
  8861 | D:11     | Killed Urug
  9379 | D:12     | Noticed a skeletal warrior
  9379 | D:12     | Noticed a skeletal warrior
  9379 | D:12     | Noticed a skeletal warrior
  9379 | D:12     | Noticed a skeletal warrior
  9380 | D:12     | Noticed a skeletal warrior
  9391 | D:12     | Killed a skeletal warrior
  9399 | D:12     | Slain by a skeletal warrior

Skill      XL: |  1  2  3  4  5  6  7  8  9 10 11 |
---------------+----------------------------------+-----
Unarmed Combat | 4 5 6 8 9 12 | 12.1
Fighting       | 5 7 9 |  9.1
Dodging        | 5 7 9 |  9.0

Action                   |  1- 3 |  4- 6 |  7- 9 | 10-12 || total
-------------------------+-------+-------+-------+-------++-------
Melee: Unarmed           |    67 |   123 |   271 |   392 ||   853
       Punch             |     1 |     7 |    15 |    21 ||    44
Invok: Berserk           |       |       |     6 |     3 ||     9
       Burn Spellbooks   |       |       |       |     1 ||     1
  Use: Scroll            |     3 |     4 |    12 |     6 ||    25
       Potion            |       |       |       |     1 ||     1
 Stab: Sleeping          |       |       |       |     1 ||     1
  Eat: Chunk             |     7 |    15 |    33 |    52 ||   107
       Bread ration      |       |       |       |     1 ||     1
Armor: Animal skin       |    32 |    51 |    53 |    60 ||   196
Dodge: Dodged            |    36 |    64 |    98 |   189 ||   387
